 Dungeon Crawl Stone Soup version 0.17-a0-157-g289cc6a (webtiles) character file.

15009 Ngotmuk the Basher (level 11, -8/104 HPs)
             Began as a Deep Dwarf Fighter on Mar 26, 2015.
             Was a Follower of Ru.
             Mangled by a hill giant
             ... wielding a +0 giant spiked club
              (23 damage)
             ... on level 9 of the Dungeon.
             The game lasted 00:36:34 (8661 turns).

Ngotmuk the Basher (Deep Dwarf Fighter)             Turns: 8661, Time: 00:36:34

Health: -8/104     AC: 18    Str: 24    XL:     11   Next: 96%
Magic:  14/14      EV: 10    Int:  8    God:    Ru [*.....]
Gold:   375        SH:  6    Dex: 11    Spells: 0 memorised, 10 levels left

rFire  . . .     SeeInvis +     t - +2 flail (protect) (curse)
rCold  + . .     Clarity  .     I - +3 scale mail {rC+}
rNeg   . . .     SustAb   .     j - +0 buckler (curse)
rPois  .         Gourm    .     A - +0 helmet (curse)
rElec  .         Spirit   .     (no cloak)
rCorr  .         Warding  .     (no gloves)
rMut   .         Stasis   .     (no boots)
MR     +....                    (no amulet)
Stlth  ..........               y - +3 ring of dexterity
                                K - ring of flight

@: non-regenerating, somewhat resistant to hostile enchantments, extremely
unstealthy
A: damage resistance, recharge devices, see invisible, clumsy 2, sense
surroundings 2, slow healing 3, no stealth, hated by all
a: Device Recharging, Renounce Religion, Evoke Flight


You were on level 9 of the Dungeon.
You worshipped Ru.
Ru was aware of your devotion.
You were hungry.

You visited 2 branches of the dungeon, and saw 10 of its levels.
You also visited: Sewer.

You collected 539 gold pieces.
You spent 164 gold pieces at shops.

Inventory:

Hand weapons
 t - a cursed +2 flail of protection (weapon)
Armour
 j - a cursed +0 buckler (worn)
 v - a +1 ring mail of poison resistance
 A - a cursed +0 helmet (worn)
 I - a +3 scale mail of cold resistance (worn)
Jewellery
 y - a +3 ring of dexterity (right hand)
 E - an uncursed ring of fire
 K - a ring of flight (left hand)
Magical devices
 d - a wand of heal wounds (0)
 C - a wand of slowing (26)
 G - a wand of hasting (0)
 H - a wand of flame (24)
Scrolls
 c - 2 scrolls of blinking
 h - 2 scrolls of remove curse
 n - 4 scrolls of identify
 q - a scroll of enchant armour {unknown}
 r - a scroll of amnesia
 z - 3 scrolls of fog
 F - a scroll of enchant weapon {unknown}
Potions
 b - 2 potions of curing
 e - 6 potions of might
 g - 2 potions of resistance
 k - 5 potions of restore abilities
 m - 2 potions of heal wounds
 o - a potion of cure mutation
 p - 4 potions of haste
 s - 2 potions of agility
 w - a potion of brilliance
 x - 3 potions of flight
 D - a potion of invisibility
Books
 i - a book of the Warp

   Spells                             Type                      Level
   a - Recall                         Summoning/Translocation      3
   b - Control Teleport               Charms/Translocation         4
   c - Force Lance                    Conjuration/Translocation    4
   d - Phase Shift                    Translocation                5
   e - Warp Weapon                    Charms/Translocation         5
   f - Gell's Gravitas                Hexes/Translocation          5
   g - Summon Forest                  Summoning/Translocation      5
Comestibles
 a - 6 meat rations
 f - 5 bread rations
 u - 17 fruits
 B - a beef jerky
 J - 5 slices of pizza


   Skills:
 + Level 8.5 Fighting
 * Level 12.8 Maces & Flails
 + Level 10.2 Armour
 + Level 10.3 Shields
 - Level 2.0 Evocations


You had 10 spell levels left.
You didn't know any spells.

Dungeon Overview and Level Annotations

Branches:
Dungeon (9/15)             Temple (1/1) D:5
   Lair: D:8-11         Orc: D:9-12

Altars:
Ashenzari
Cheibriados
Dithmenos
Elyvilon
Fedhas
Gozag
Kikubaaqudgha
Makhleb
Nemelex Xobeh
Okawaru
Qazlal
Ru
Sif Muna
Trog
Vehumet
Xom
Yredelemnul
Zin
The Shining One

Shops:
D:6 **(!


Innate Abilities, Weirdness & Mutations

You are resistant to damage.
You can recharge devices by infusing magical energy.
You passively map the area around you.
You do not heal naturally.
You cannot be stealthy.
You are hated by all.
You have supernaturally acute eyesight.
You are very clumsy. (Dex -4)


Message History

A hill giant and a crimson imp come into view.
The hill giant shouts!
The crimson imp shouts!
Zapping:
C - a wand of slowing {zapped: 8} (will waste charges)
Press: ? - help, Shift-Dir - straight line, f - hill giant
Aim: a hill giant, wielding a giant spiked club (chance 41%)
The hill giant resists with some effort.
Evoking this partially-identified wand wasted a few charges.
The crimson imp blinks!
The crimson imp blinks!
Items here: )) ÷÷ †††
Things that are here:
a long sword; an elf skeleton A hill giant is nearby!
You hit the hill giant but do no damage.
The hill giant hits you with a giant spiked club.
* * * LOW HITPOINT WARNING * * *
You hit the hill giant but do no damage.
You hit the hill giant but do no damage.
The hill giant hits you with a giant spiked club!!
You die...

#........#.##.....# ##.#####.
#.....####.##.....#######.#####.
#..........##...........#.......
##.#..#.................#.......
#<#.......##...........#.......
###....................#.......
#....................#.......
#....................#.......
####.#......@........#.......
#.#......C........#.......
#.#...............#.......
#.#...............#.......
#.#...............#.......
#.#...............#.......
#..........<....#######.#.
#.......#.#.###.# #...
##....#.......#.# ###..


You could see a hill giant.

Vanquished Creatures
  A hydra (D:9)
  The ghost of Kisielow the Cleaver, an experienced HOFi of Okawaru (D:9)
  A kobold demonologist (Sewer)
  A gargoyle (D:8)
  Psyche (D:8)
  A troll (D:9)
  A two-headed ogre (D:8)
  Grinder (Sewer)
  A deep elf mage (D:9)
  2 yaks (D:9)
  Edmund (D:8)
  A water moccasin (D:8)
  2 orc warriors
  3 sky beasts
  3 necrophages
  A phantom (D:7)
  A black bear (D:8)
  5 ogres
  4 big kobolds
  3 centaurs
  Blork the orc (D:8)
  3 giant frogs
  8 wights
  7 killer bees
  A quasit (D:9)
  A giant frog zombie (D:5)
  A jelly (D:9)
  4 orc priests
  4 crimson imps
  5 hounds
  2 orc wizards
  A giant frog skeleton (D:8)
  An iguana (D:7)
  9 worker ants
  A big kobold zombie (Sewer)
  2 sheep (D:9)
  Ijyb (D:2)
  Jessica (D:3)
  A killer bee simulacrum (D:9)
  A hound skeleton (D:9)
  2 mummies
  Robin (D:4)
  3 gnolls (D:2)
  13 adders
  5 giant mites
  5 shadow imps
  3 worms
  2 ufetubi (Sewer)
  3 adder zombies
  23 orcs
  12 bats
  3 bat skeletons
  2 bat zombies (Sewer)
  6 giant cockroaches
  13 hobgoblins
  14 jackals
  27 kobolds
  3 ball pythons
  A giant gecko (D:3)
  A giant gecko skeleton (D:5)
  3 giant newts (D:1)
  17 goblins
  4 quokkas
  15 rats
271 creatures vanquished.

Vanquished Creatures (others)
  A wizard (D:3)
  A giant mite zombie (Sewer)
2 creatures vanquished.

Grand Total: 273 creatures vanquished

Notes
Turn   | Place    | Note
--------------------------------------------------------------
     0 | D:1      | Ngotmuk, the Deep Dwarf Fighter, began the quest for the Orb.
     0 | D:1      | Reached XP level 1. HP: 20/20 MP: 1/1
   111 | D:1      | Reached XP level 2. HP: 22/27 MP: 2/2
   630 | D:2      | Reached XP level 3. HP: 22/33 MP: 3/3
   711 | D:2      | Noticed Ijyb
   725 | D:2      | Killed Ijyb
   851 | D:2      | Reached XP level 4. HP: 13/40 MP: 4/4
   950 | D:2      | Reached skill level 4 in Maces & Flails
  1472 | D:3      | Noticed Jessica
  1476 | D:3      | Killed Jessica
  1524 | D:3      | Reached XP level 5. HP: 20/46 MP: 5/5
  1683 | D:3      | HP: 2/46 [hound (2)]
  1821 | D:3      | Found a glowing drain.
  1825 | Sewer    | Entered a sewer
  1960 | Sewer    | Reached skill level 5 in Maces & Flails
  1965 | Sewer    | Reached XP level 6. HP: 16/55 MP: 6/6
  2045 | Sewer    | Found a burning altar of Makhleb.
  2064 | Sewer    | Noticed Grinder
  2073 | Sewer    | Paralysed by Grinder for 4 turns
  2099 | Sewer    | Killed Grinder
  2099 | Sewer    | Reached XP level 7. HP: 22/62 MP: 7/7
  2116 | Sewer    | Noticed an apprentice kobold demonologist
  2143 | Sewer    | Killed an apprentice kobold demonologist
  2143 | Sewer    | Reached skill level 6 in Maces & Flails
  2143 | Sewer    | Reached skill level 5 in Armour
  2143 | Sewer    | Reached skill level 5 in Shields
  2478 | D:3      | Found a bloodstained altar of Trog.
  2478 | D:3      | Noticed a wizard
  2485 | D:3      | Killed a wizard
  2684 | D:3      | Reached XP level 8. HP: 59/72 MP: 8/8
  2943 | D:4      | Found a shattered altar of Ashenzari.
  2982 | D:4      | Noticed Robin
  2997 | D:4      | Killed Robin
  3128 | D:4      | Reached skill level 7 in Maces & Flails
  3921 | D:5      | Entered Level 5 of the Dungeon
  3935 | D:5      | Found a staircase to the Ecumenical Temple.
  3947 | Temple   | Entered the Ecumenical Temple
  4048 | Temple   | Became a worshipper of Ru the Awakened
  4257 | D:5      | Found a shadowy altar of Dithmenos.
  4484 | D:5      | Reached skill level 1 in Stealth
  5225 | D:6      | Gained mutation: You are hated by all. [Ru sacrifice]
  5225 | D:6      | Acquired Ru's first power
  5245 | D:6      | Reached skill level 1 in Evocations
  5452 | D:6      | Reached skill level 8 in Maces & Flails
  5452 | D:6      | Gained mutation: You passively map the area around you. [level up]
  5452 | D:6      | Reached XP level 9. HP: 41/80 MP: 12/12
  5455 | D:6      | Found Frampuah's Distillery.
  5481 | D:6      | Bought a potion of mutation for 27 gold pieces
  5481 | D:6      | Bought a potion of heal wounds for 55 gold pieces
  5481 | D:6      | Bought a potion of mutation for 27 gold pieces
  5481 | D:6      | Bought a potion of heal wounds for 55 gold pieces
  5481 | D:6      | Gained mutation: You are surrounded by a mild repulsion field (EV +2). [potion of mutation]
  5481 | D:6      | Gained mutation: Armour fits poorly on your strangely shaped body. [potion of mutation]
  5481 | D:6      | Gained mutation: You have supernaturally acute eyesight. [potion of mutation]
  5482 | D:6      | Gained mutation: You are robust (+10% HP). [potion of mutation]
  5482 | D:6      | Lost mutation: Armour fits poorly on your strangely shaped body. [potion of mutation]
  5634 | D:6      | Found Klome's General Store.
  5655 | D:6      | Found an iron altar of Okawaru.
  5678 | D:6      | Reached skill level 5 in Fighting
  5748 | D:6      | Found Praawuin's Assorted Antiques.
  5783 | D:6      | Found Samuk's Weapon Boutique.
  6684 | D:7      | Gained mutation: You cannot be stealthy. [Ru sacrifice]
  7020 | D:8      | Reached skill level 11 in Maces & Flails
  7020 | D:8      | Reached XP level 10. HP: 70/103 MP: 13/13
  7021 | D:8      | Lost mutation: You are robust (+10% HP). [potion of cure mutation]
  7021 | D:8      | Lost mutation: You have supernaturally acute eyesight. [potion of cure mutation]
  7021 | D:8      | Lost mutation: You are surrounded by a mild repulsion field (EV +2). [potion of cure mutation]
  7022 | D:8      | Reached skill level 12 in Maces & Flails
  7022 | D:8      | Reached XP level 11. HP: 75/103 MP: 14/14
  7083 | D:8      | Noticed Psyche
  7099 | D:8      | Killed Psyche
  7205 | D:8      | Noticed Blork the orc
  7214 | D:8      | Killed Blork the orc
  7281 | D:8      | Gained mutation: You have supernaturally acute eyesight. [mutagenic meat]
  7282 | D:8      | Gained mutation: You are clumsy. (Dex -2) [mutagenic meat]
  7283 | D:8      | Gained mutation: You are very clumsy. (Dex -4) [mutagenic meat]
  7405 | D:8      | Noticed a gargoyle
  7418 | D:8      | Killed a gargoyle
  7484 | D:8      | Noticed Edmund
  7499 | D:8      | Reached skill level 10 in Shields
  7511 | D:8      | Killed Edmund
  8031 | D:9      | Noticed a three-headed hydra
  8051 | D:9      | HP: 3/103 [three-headed hydra (5)]
  8061 | D:9      | Killed a three-headed hydra
  8247 | D:9      | Reached skill level 10 in Armour
  8364 | D:9      | Noticed Kisielow's ghost (experienced HOFi)
  8477 | D:9      | Killed Kisielow's ghost
  8569 | D:9      | HP: 5/104 [killer bee (7)]
  8618 | D:9      | Noticed a hill giant
  8661 | D:9      | Mangled by a hill giant

Action                   |  1- 3 |  4- 6 |  7- 9 | 10-12 || total
-------------------------+-------+-------+-------+-------++-------
Melee: Flail             |   134 |   255 |   438 |   380 ||  1207
Invok: Sacrifice Love    |       |       |     1 |       ||     1
       Sacrifice Stealth |       |       |     1 |       ||     1
Evoke: Wand              |       |     4 |     5 |    11 ||    20
  Use: Scroll            |       |     1 |    19 |     2 ||    22
       Potion            |       |       |     3 |     5 ||     8
  Eat: Chunk             |     1 |       |       |     3 ||     4
       Fruit             |       |     4 |    12 |     3 ||    19
       Pizza             |       |       |     1 |     1 ||     2
       Beef jerky        |       |       |     1 |       ||     1
       Meat ration       |       |       |     1 |       ||     1
